 Dungeon Crawl Stone Soup version 0.29-a0-330-g52719c12eb (webtiles) character file.

Game seed: 5286423257451280309

5448 Ajdolov the Grappler (level 10, -6/56 HPs)
             Began as a Vine Stalker Fighter on Apr 21, 2022.
             Was a Follower of Ru.
             Mangled by a two-headed ogre
             ... wielding a +0 giant club
              (18 damage)
             ... on level 9 of the Dungeon.
             The game lasted 00:11:10 (7335 turns).

Ajdolov the Grappler (Vine Stalker Fighter)         Turns: 7335, Time: 00:11:11

Health: -6/56      AC: 12    Str: 22    XL:     10   Next: 68%
Magic:  0/18       EV:  5    Int:  8    God:    Ru [*.....]
Gold:   657        SH:  5    Dex: 15    Spells: 19/19 levels left

rFire   . . .      SeeInvis .     - Unarmed
rCold   . . .      Faith    .   b - +0 buckler
rNeg    . . .      Spirit   +   k - +0 plate armour
rPois   .          Reflect  .   (no helmet)
rElec   .          Harm     .   d - +0 cloak
rCorr   .          Rampage  .   (no gloves)
Will    ++...                   (no boots)
Stlth   ..........              x - amulet of regeneration
HPRegen 1.78/turn               h - ring of willpower
MPRegen 0.16/turn               (no ring)

@: no status effects
A: fangs 3, regeneration 1, magic shield, antimagic bite, no potion heal 2,
missing an eye
a: Renounce Religion


You were on level 9 of the Dungeon.
You worshipped Ru.
Ru was aware of your devotion.
You visited 2 branches of the dungeon, and saw 10 of its levels.
You also visited: Ossuary.

You collected 657 gold pieces.

Inventory:

Armour
 b - a +0 buckler (worn)
 d - a +0 cloak (worn)
 k - a +0 plate armour (worn)
Jewellery
 h - a ring of willpower (left hand)
 x - an amulet of regeneration (around neck)
 G - a +4 ring of evasion
Wands
 v - a wand of paralysis (2)
 D - a wand of iceblast (11)
 F - a wand of flame (12)
Scrolls
 a - a scroll of brand weapon {unknown}
 e - 9 scrolls of teleportation {unknown}
 f - 2 scrolls of silence
 g - 3 scrolls of vulnerability
 j - a scroll of holy word
 l - 3 scrolls of amnesia
 o - 3 scrolls of fog
 s - 4 scrolls of noise
 t - 5 scrolls of enchant armour
 w - a scroll of fear
 y - a scroll of summoning
 E - a scroll of blinking {unknown}
 H - a scroll of acquirement {unknown}
 I - a scroll of immolation {unknown}
Potions
 c - 3 potions of might
 i - 2 potions of cancellation {unknown}
 m - 5 potions of heal wounds {unknown}
 n - 2 potions of lignification {unknown}
 p - 3 potions of invisibility {unknown}
 q - 2 potions of curing {unknown}
 r - 3 potions of degeneration {unknown}
 u - a potion of mutation {unknown}
 z - 3 potions of flight {unknown}
 A - a potion of brilliance {unknown}
 B - a potion of ambrosia {unknown}
 C - 2 potions of magic {unknown}


   Skills:
 + Level 8.2 Fighting
 - Level 2.4 Armour
 - Level 2.6 Shields
 * Level 12.2 Unarmed Combat
 + Level 5.0 Spellcasting


You had 19 spell levels left.
You didn't know any spells.
Your spell library contained the following spells:

 Spells                   Type           Power      Damage    Failure   Level
 Static Discharge         Conj/Air       2%         N/A       100%        2
 Sublimation of Blood     Necr           2%         N/A       100%        2
 Conjure Flame            Conj/Fire      2%         6-21      100%        3
 Dazzling Flash           Conj/Hex       4%         N/A       100%        3
 Frozen Ramparts          Ice            4%         1d2       100%        3
 Ignite Poison            Fire/Tmut/Pois 2%         N/A       100%        3
 Ice Form                 Ice/Tmut       2%         N/A       100%        4
 Iskenderun's Mystic Bla  Conj/Tloc      2%         2d3       100%        4
 Petrify                  Tmut/Erth      2%         N/A       100%        4
 Sticky Flame             Conj/Fire      2%         2d3       100%        4
 Summon Ice Beast         Ice/Summ       2%         N/A       100%        4
 Summon Lightning Spire   Summ/Air       2%         N/A       100%        4
 Fireball                 Conj/Fire      1%         3d3       100%        5
 Irradiate                Conj/Tmut      1%         3d13      100%        5
 Starburst                Conj/Fire      1%         6d3       100%        6
 Storm Form               Tmut/Air       1%         N/A       100%        7
 Maxwell's Capacitive Co  Air            1%         ∞         100%        8
 Fire Storm               Conj/Fire      1%         7d1       100%        9


Dungeon Overview and Level Annotations

Branches:
Dungeon (9/15)             Temple (1/1) D:6             Orc (0/2) D:9
Ossuary (visited)
   Lair: D:8-11

Altars:
Dithmenos
Gozag
Hepliaklqana
Makhleb
Ru
Trog
Uskayaw
Wu Jian
Xom

Shops:
D:7 =   D:8 !   D:9 [


Innate Abilities, Weirdness & Mutations

You have razor-sharp teeth.
Your natural rate of healing is unusually fast.
When hurt, damage is shared between your health and your magic reserves.
Your bite disrupts and absorbs the magic of your enemies.
Potions cannot restore your health.
You are missing an eye, making it more difficult to aim.


Message History

The puff of flame hits the two-headed ogre.
The two-headed ogre is lightly wounded.
Aiming: Iceblast
Press: ? - help, Shift-Dir - straight line, p - two-headed ogre The mass of ice explodes!
The iceblast engulfs the two-headed ogre!
The two-headed ogre is moderately wounded.
Unknown command.
Aiming: Paralyse
Press: ? - help, Shift-Dir - straight line, f - two-headed ogre
Aim: a two-headed ogre, wielding two +0 giant clubs (moderately wounded, chance to affect: 31%)
The two-headed ogre easily resists.
The two-headed ogre hits you with a +0 giant club! x2
You barely miss the two-headed ogre. You bite the two-headed ogre.
You drain its power.
You feel invigorated.
The two-headed ogre is moderately wounded.
The two-headed ogre barely misses you.
The two-headed ogre hits you with a +0 giant club!!
You hit the two-headed ogre.
The two-headed ogre is moderately wounded.
You punch the two-headed ogre! You bite the two-headed ogre!
You drain its power.
You feel invigorated.
The two-headed ogre is severely wounded.
The two-headed ogre hits you with a +0 giant club.
The two-headed ogre barely misses you.
You barely miss the two-headed ogre.
The two-headed ogre is severely wounded.
You hit the two-headed ogre but do no damage.
The two-headed ogre is severely wounded.
The two-headed ogre hits you with a +0 giant club!
The two-headed ogre hits you with a +0 giant club!!
* * * LOW HITPOINT WARNING * * *
You barely miss the two-headed ogre.
The two-headed ogre is severely wounded.
Unknown command.
You completely miss the two-headed ogre.
You bite the two-headed ogre! You drain its power.
You feel invigorated.
The two-headed ogre is almost dead.
The two-headed ogre hits you with a +0 giant club!!
You die...

#.######.# #.........
#####.#####..# #.....# #...
#.##########.#
###########........###O#
.#.#.#.#.#.#.#.#.#.#..#y.
.#.#.#.#.#.#.#.#.#.#.#.#..
.#.#.#.#.#.#@#.#.#.#.#.#..#.#
.#.#.#.#.#.#.#O#.#.#.#.#.#.#.#
##.#.#.#.#.#.#.#.#.#.#.#.#..#.#
#.#.#.#.#.#.#.#.#.#.#.#.#.###.#
##.#.#.#.#.#.#.#.#.#.#.#.#.##.#
#.#.#.#.#.#.#.#.#.#.#.#.#.#...#
###.#.#.#.#.#.#.#.#.#.#.#.#.####
..#.#.#.#.#.#.#.#.#.#.#.#.#....
####.#.#.#.#.#.#.#.#.#.#.#.#.####


You could see a two-headed ogre.

Vanquished Creatures
  Grinder (D:5)
  A hornet (D:8)
  A vampire (D:9)
  7 yaks
  2 steam dragons
  Edmund (D:5)
  An acid dragon (D:6)
  A black bear (D:7)
  3 orc warriors
  An ice beast (D:6)
  A sky beast (D:7)
  2 ogres
  4 centaurs
  2 kobold brigands (D:8)
  Blork the orc (D:5)
  4 bullfrogs
  2 necrophages
  2 gnoll sergeants
  A scorpion (D:6)
  8 wights
  6 killer bees
  2 hounds
  A jelly (D:7)
  A gnoll shaman (D:8)
  5 orc priests
  6 iguanas
  4 orc wizards
  A mummy (Ossuary)
  16 gnolls
  6 adders
  A shadow imp (D:6)
  3 white imps
  3 ufetubi
  2 dart slugs
  34 orcs
  A spectral bat (Ossuary)
  4 bats
  11 endoplasms
  4 giant cockroaches
  12 gnoll zombies (Ossuary)
  4 goblins
  3 hobgoblins
  3 jackals (D:4)
  14 kobolds
  3 quokkas
  9 ball pythons
  6 bat simulacra (Ossuary)
  8 frilled lizards (D:1)
  5 goblin simulacra (Ossuary)
  5 goblin zombies (Ossuary)
  3 hobgoblin zombies (Ossuary)
  2 kobold simulacra (Ossuary)
  6 kobold zombies (Ossuary)
  3 orc zombies (Ossuary)
  7 rats
  A rat simulacrum (Ossuary)
  A spectral goblin (Ossuary)
  A spectral kobold (Ossuary)
  5 spectral rats (Ossuary)
258 creatures vanquished.

Vanquished Creatures (others)
  A gnoll (D:8)
1 creature vanquished.

Grand Total: 259 creatures vanquished

Notes
Turn   | Place    | Note
-------+----------+-------------------------------------------
     0 | D:1      | Ajdolov the Vine Stalker Fighter began the quest for the
                  | Orb.
     0 | D:1      | Reached XP level 1. HP: 11/11 MP: 2/2
   136 | D:1      | Reached XP level 2. HP: 16/16 MP: 3/3
   154 | D:1      | Found a faded altar of an unknown god.
   412 | D:1      | Reached skill level 3 in Unarmed Combat
   485 | D:1      | Reached XP level 3. HP: 20/20 MP: 4/4
  1188 | D:2      | Gained mutation: Your natural rate of healing is unusually
                  | fast. [Vine Stalker growth]
  1188 | D:2      | Reached XP level 4. HP: 24/24 MP: 5/5
  1539 | D:2      | Reached skill level 4 in Unarmed Combat
  1915 | D:3      | Reached XP level 5. HP: 26/28 MP: 4/6
  2096 | D:4      | Reached skill level 5 in Unarmed Combat
  2096 | D:4      | Reached XP level 6. HP: 33/33 MP: 7/7
  2664 | D:5      | Entered Level 5 of the Dungeon
  2667 | D:5      | Noticed Blork the orc
  2679 | D:5      | Killed Blork the orc
  2680 | D:5      | Reached skill level 6 in Unarmed Combat
  2680 | D:5      | Reached XP level 7. HP: 14/38 MP: 3/8
  2759 | D:5      | Noticed Grinder
  2776 | D:5      | Killed Grinder
  2777 | D:5      | Reached skill level 5 in Fighting
  2847 | D:5      | Reached skill level 7 in Unarmed Combat
  2864 | D:5      | Gained mutation: You have razor-sharp teeth. [Vine Stalker
                  | growth]
  2864 | D:5      | Reached XP level 8. HP: 43/43 MP: 9/9
  2904 | D:5      | Noticed Edmund
  2918 | D:5      | Killed Edmund
  2966 | D:5      | Found a sand-covered staircase.
  2974 | Ossuary  | Entered an ossuary
  3266 | D:5      | Reached skill level 8 in Unarmed Combat
  3808 | D:6      | Found a shadowy altar of Dithmenos.
  3844 | D:6      | Reached skill level 9 in Unarmed Combat
  3905 | D:6      | Reached XP level 9. HP: 36/49 MP: 7/10
  4073 | D:6      | Found a staircase to the Ecumenical Temple.
  4111 | Temple   | Entered the Ecumenical Temple
  4179 | Temple   | Became a worshipper of Ru the Awakened
  4453 | D:7      | Reached skill level 10 in Unarmed Combat
  4453 | D:7      | Reached skill level 1 in Spellcasting
  4801 | D:7      | Found Ughouxurgh's Jewellery Shop.
  5661 | D:8      | Gained mutation: You are missing an eye, making it more
                  | difficult to aim. [Ru sacrifice]
  5661 | D:8      | Reached * piety under Ru
  5828 | D:8      | Noticed a hornet
  5833 | D:8      | Killed a hornet
  5834 | D:8      | Reached skill level 11 in Unarmed Combat
  5880 | D:8      | Found Soiz's Distillery.
  5903 | D:8      | Reached XP level 10. HP: 41/55 MP: 8/15
  6127 | D:8      | Got Asmodeus's Grimoire of Confrontation
  6594 | D:9      | Noticed a two-headed ogre
  6806 | D:9      | Found Wiewin's Armour Boutique.
  6806 | D:9      | Found a staircase to the Orcish Mines.
  7044 | D:9      | Reached skill level 12 in Unarmed Combat
  7245 | D:9      | Reached skill level 5 in Spellcasting
  7335 | D:9      | Mangled by a two-headed ogre

Illustrated notes

Levels and vault maps discovered:
D:1:      amcnicky_arrival_double_pillar, layout_rooms,
          ebering_ecumenical_altar_sacrificial
D:2:      layout_basic, corexii_hall_statues_i, minmay_liquid_box
D:3:      layout_basic
D:4:      layout_loops_ring
D:5:      layout_basic, enter_ossuary_1, uniq_edmund, uniq_blork_the_orc,
          uniq_grinder
D:6:      layout_cave_pools, nicolae_dithmenos_the_darkroom,
          minmay_temple_entry_glassed_door, minmay_fountain_box
D:7:      layout_basic, serial_shops, nicolae_shop_statue_plus,
          chequers_decorated_corner, kennysheep_nub,
          minmay_fractal_squares_gapless_5
D:8:      layout_loops_cross, serial_shops, shop_statue,
          kennysheep_generic_room_15
D:9:      layout_basic, orc_david_3, serial_bayou_pond_e
Temple:   mainiacjoe_temple_hex_bubbles

Skill      XL: |  1  2  3  4  5  6  7  8  9 10 |
---------------+-------------------------------+-----
Fighting       | 3 4 5 6 7 8 |  8.2
Unarmed Combat | 3 4 5 6 7 9 11 12 | 12.2
Spellcasting   | 3 5 |  5.0
Armour         | |  2.4
Shields        | |  2.6

Action                   |  1- 3 |  4- 6 |  7- 9 | 10-12 || total
-------------------------+-------+-------+-------+-------++-------
Melee: Unarmed           |    96 |   160 |   408 |   199 ||   863
       Bite              |    21 |    37 |   142 |    49 ||   249
Invok: Sacrifice an Eye  |       |       |     1 |       ||     1
Evoke: Wand              |       |       |     3 |     5 ||     8
  Use: Scroll            |       |       |       |     9 ||     9
 Stab: Paralysed         |       |       |     2 |     2 ||     4
Armor: Scale mail        |    40 |       |       |       ||    40
       Plate armour      |     6 |    79 |   186 |   101 ||   372
Dodge: Dodged            |    30 |    27 |    83 |    42 ||   182
Block: Buckler           |    20 |    22 |    83 |    39 ||   164

Table legend: (Time is in decaauts)
 A = Elapsed time spent in this place.
 B = Non-inter-level travel time spent in this place.
 C = Inter-level travel time spent in this place.
 D = Time resting spent in this place.
 E = Time spent auto-exploring this place.
 F = Levels seen in this place.
 G = Mean time per level.
                   A        B        C        D        E       F      G
               +--------+--------+--------+--------+--------+-----+--------+
         Total |   7255 |   7041 |    214 |    153 |   5250 |  11 |  659.5 |
       Dungeon |   6883 |   6707 |    176 |    142 |   5082 |   9 |  764.8 |
        Temple |    107 |     69 |     38 |      0 |     49 |   1 |  107.0 |
       Ossuary |    264 |    264 |      0 |     11 |    119 |   1 |  264.0 |
               +--------+--------+--------+--------+--------+-----+--------+

Top non-repeatable levels by time:
     D:7: 1207 daAuts
     D:8: 1113 daAuts
     D:2: 978 daAuts
     D:5: 707 daAuts
     D:1: 622 daAuts
     D:4: 615 daAuts
     D:9: 603 daAuts
     D:6: 592 daAuts
     D:3: 442 daAuts
 Ossuary: 264 daAuts
  Temple: 107 daAuts
